Cogmind - Beta 13 @@@ ROGUE MODE // 2024.04.07 @ 17:13:03 Player: Evilsquid Result: Destroyed by H-55 Commando with Gauss Rifle Performance ------------- Evolutions (0) 0 Regions Visited (3) 600 Robots Destroyed (14) 70 Value Destroyed (307) 307 Prototype IDs (23) 460 Alien Tech Used (0) 0 Bonus (300) 300 TOTAL SCORE: 1737 Bonus ------- Aligned with FarCom 300 Cogmind --------- Core Integrity 0/250 Matter 285/300 Energy 100/100 System Corruption 6% Temperature Cool (0) Movement Core (400) Ox7 Location -10/Exiles Parts ------- > --- POWER (1) -------- (None) > --- PROPULSION (2) --- (None) > --- UTILITY (2) ------ Large Storage Unit > --- WEAPON (2) ------- Heavy Assault Rifle > --- INVENTORY (15) --- Improved Treads Improved Treads Small Storage Unit Improved Terrain Scanner Heavy Assault Rifle Heavy Assault Rifle Rocket Launcher Peak State ------------ > --- POWER ------------ Light Ion Engine > --- PROPULSION ------- Improved Treads Improved Treads > --- UTILITY ---------- Small Storage Unit Seismic Detector > --- WEAPON ----------- Heavy Assault Rifle Heavy Assault Rifle > --- INVENTORY -------- Light Treads Light Treads Improved Treads Improved Treads Signal Interpreter Improved Terrain Scanner Targeting Computer Light Assault Rifle [Rating: 12] Favorites ----------- Power Light Ion Engine Engine Light Ion Engine Propulsion Improved Treads Treads Improved Treads Leg Aluminum Leg Utility Small Storage Unit Device Seismic Detector Storage Small Storage Unit Weapon Heavy Assault Rifle Ballistic Gun Heavy Assault Rifle Build | -11 -10 -10 -10 ------- Run | Yrd Mat Min Exi Slots Evolved . | . . . . Power . | . . . . Propulsion . | . . . . Utility . | . . . . Weapon . | . . . . Parts Attached 17 | 3 13 . 1 Power 2 | . 2 . . Engine 2 | . 2 . . Core . | . . . . Reactor . | . . . . Propulsion 8 | 2 6 . . Treads 8 | 2 6 . . Leg . | . . . . Wheel . | . . . . Hover . | . . . . Flight . | . . . . Utility 3 | 1 1 . 1 Device 2 | 1 1 . . Storage 1 | . . . 1 Processor . | . . . . Hackware . | . . . . Protection . | . . . . Artifact . | . . . . Weapon 4 | . 4 . . Energy Gun . | . . . . Energy Cannon . | . . . . Ballistic Gun 4 | . 4 . . Ballistic Cannon . | . . . . Launcher . | . . . . Special Weapon . | . . . . Impact Weapon . | . . . . Slashing Weapon . | . . . . Piercing Weapon . | . . . . Special Melee Weapon . | . . . . Unidentified Prototypes . | . . . . Parts Lost 6 | . 1 . 5 Power 1 | . . . 1 Propulsion 3 | . 1 . 2 Utility 1 | . . . 1 Weapon 1 | . . . 1 Highest Loss Streak 5 | . 1 . 5 To Critical Strikes . | . . . . Average Slot Usage (%) 98 | . 97 100 98 Engine 13 | . 13 14 13 Treads 27 | . 26 28 27 Device 13 | . 13 14 13 Storage 14 | . 14 14 14 Ballistic Gun 27 | . 27 28 28 Naked Turns . | . . . . Heaviest Build 30 | 12 15 15 30 Greatest Support 46 | 40 46 46 46 Greatest Overweight (x) 8 | . 3 . 8 Average Overweight (x) . | . . . . Largest Inventory Capacity 15 | 8 8 8 15 Average Capacity 8 | 8 8 8 9 Most Carried 8 | 7 8 8 8 Average Carried 7 | 6 6 7 7 Final Capacity 15 | 8 8 8 15 Final Carried 8 | 7 8 8 7 Class Distribution -------------------- 100% | Mutant Dominant Class ---------------- Mutant | -10/Materials Mutant | -10/Mines Mutant | -10/Exiles Resources | -11 -10 -10 -10 ----------- Run | Yrd Mat Min Exi Matter Collected 514 | 258 237 19 . Remotely . | . . . . Salvage Created 471 | 74 397 . . Parts 30 | 4 26 . . Haulers Intercepted 1 | . 1 . . Recyclers Shooed . | . . . . Parts Field Recycled . | . . . . Retrieved Matter . | . . . . Parts Self-Destructed . | . . . . Prevented . | . . . . Kills | -11 -10 -10 -10 ------- Run | Yrd Mat Min Exi Combat Hostiles Destroyed 9 | . 9 . . Guns 9 | . 9 . . Classes Destroyed 7 | 2 5 . . Tunneler 1 | 1 . . . Hauler 1 | . 1 . . Recycler 1 | 1 . . . Operator 1 | . 1 . . Watcher 1 | . 1 . . Swarmer 3 | . 3 . . Grunt 6 | . 6 . . Best Kill Streak 5 | 1 5 . . Combat Bots Only 5 | . 5 . . Max Kills in Single Turn 2 | 1 2 . . Gunslinging 1 | . 1 . . Exploded . | . . . . Melee . | . . . . Uniques/NPCs Destroyed . | . . . . Combat | -11 -10 -10 -10 -------- Run | Yrd Mat Min Exi Hostile Shots Fired 128 | . 71 . 57 Missed 35 | . 20 . 15 Damage Taken 1200 | . 575 . 625 Core 263 | . 92 . 171 Absorbed by Shields . | . . . . Core Remaining (%) 100 | 100 . . . Volleys Fired 45 | 7 38 . . Largest 2 | 2 2 . . Hottest 46 | 40 46 . . Shots Fired 90 | 14 76 . . Gun 90 | 14 76 . . Cannon . | . . . . Launcher . | . . . . Special . | . . . . Kinetic 90 | 14 76 . . Thermal . | . . . . Explosive . | . . . . Electromagnetic . | . . . . Robot Hit Streak 7 | 3 7 . . Robot Miss Streak 4 | 2 4 . . Penetration Max . | . . . . Secondary Targets 4 | . 4 . . Max Gunslinging Chain 1 | . 1 . . Shots Hit Robots 54 | 8 46 . . Core Hits 25 | 4 21 . . Critical Kills . | . . . . Critical Parts Destroyed 1 | . 1 . . Critical Strikes 1 | . 1 . . Destroy 1 | . 1 . . Melee Attacks . | . . . . Impact . | . . . . Slashing . | . . . . Piercing . | . . . . Sneak Attacks . | . . . . Combat Hostiles . | . . . . Follow-up Attacks . | . . . . Damage Inflicted 650 | 81 569 . . Guns 647 | 81 566 . . Cannons . | . . . . Explosions . | . . . . Melee . | . . . . Ramming 3 | . 3 . . Kinetic 647 | 81 566 . . Thermal . | . . . . Explosive . | . . . . Electromagnetic . | . . . . Impact . | . . . . Slashing . | . . . . Piercing . | . . . . Highest Corruption 6 | . . . 6 Average Corruption 3 | . . . 3 Corruption Purged . | . . . . Corruption Blocked . | . . . . Overload Shots . | . . . . Overflow Damage . | . . . . Projectiles . | . . . . Explosions . | . . . . Melee . | . . . . Knockbacks . | . . . . Impact . | . . . . Kinetic . | . . . . Secondary . | . . . . Self-Inflicted Damage . | . . . . Shots . | . . . . Rammed 1 | . 1 . . Targets Rammed 1 | . 1 . . Kicked . | . . . . Crushed . | . . . . Highest Temperature 15 | . 15 . . Average Temperature 8 | . 8 . . Received Heat Transfer 288 | . 276 . 12 Siege Activations . | . . . . Robots Corrupted . | . . . . Combat Hostiles . | . . . . Parts Fried . | . . . . Impact Corruptions . | . . . . Robots Melted . | . . . . Combat Hostiles . | . . . . Parts Melted . | . . . . Heat Transferred . | . . . . Parts Sabotaged . | . . . . Parts Stolen . | . . . . Parts Stripped . | . . . . Power Chain Reactions . | . . . . Alert | -11 -10 -10 -10 ------- Run | Yrd Mat Min Exi Peak Influence 169 | 10 169 50 . Initial 50 | . 6 50 . Average 53 | 6 62 50 . Maximum Alert Level . | . . . . Low Security (%) 100 | 100 100 100 . Level 1 . | . . . . Level 2 . | . . . . Level 3 . | . . . . Level 4 . | . . . . Level 5 . | . . . . High Security . | . . . . Max Security . | . . . . Squads Dispatched 1 | . 1 . . Investigation . | . . . . Extermination . | . . . . Reinforcement 1 | . 1 . . Assault . | . . . . Garrison . | . . . . Intercept . | . . . . Searches Triggered . | . . . . Construction Impeded . | . . . . Haulers Reinforced . | . . . . Active Scanning Responses . | . . . . Cargo Convoy Interrupts . | . . . . Stealth | -11 -10 -10 -10 --------- Run | Yrd Mat Min Exi Distress Signals . | . . . . Communications Jammed . | . . . . Distress Signals . | . . . . Times Spotted 25 | . 15 . 10 Peak Tracking Total 11 | . 5 . 11 Tactical Retreats . | . . . . Traps | -11 -10 -10 -10 ------- Run | Yrd Mat Min Exi Traps Triggered 2 | . 2 . . Indirectly . | . . . . Trap Hack Attempts . | . . . . Triggered . | . . . . Disarmed . | . . . . Reprogrammed . | . . . . Reused . | . . . . Traps Extracted . | . . . . Installed . | . . . . Triggered . | . . . . Machines | -11 -10 -10 -10 ---------- Run | Yrd Mat Min Exi Machines Disabled . | . . . . Max in Single Turn . | . . . . Machines Repaired . | . . . . Machines Dismantled . | . . . . Machines Sabotaged . | . . . . Overloaded Fab Kills . | . . . . Hacking | -11 -10 -10 -10 --------- Run | Yrd Mat Min Exi Machines Accessed 2 | . 1 . 1 Terminals 1 | . 1 . . Fabricators . | . . . . Repair Stations . | . . . . Recycling Units . | . . . . Scanalyzers . | . . . . Garrison Access . | . . . . Total Hacks 6 | . 5 . 1 Successful 4 | . 3 . 1 Failed 2 | . 2 . . Catastrophic 1 | . 1 . . Database Lockouts . | . . . . Manual 6 | . 5 . 1 Terminals 5 | . 5 . . Fabricators . | . . . . Repair Stations . | . . . . Recycling Units . | . . . . Scanalyzers . | . . . . Garrison Access . | . . . . Terminal Hacks 2 | . 1 . 1 Registered Components 1 | . 1 . . Derelict Proto ID Bank 1 | . . . 1 Fabricator Hacks . | . . . . Repair Station Hacks . | . . . . Recycling Unit Hacks . | . . . . Scanalyzer . | . . . . Garrison Access Hacks . | . . . . Unauthorized Hacks 2 | . 2 . . Terminals 2 | . 2 . . Botnet 1 | . 1 . . Operators 1 | . 1 . . Fabricators . | . . . . Repair Stations . | . . . . Recycling Units . | . . . . Scanalyzers . | . . . . Garrison Access . | . . . . Data Cores Recovered . | . . . . Used . | . . . . Hacking Detections 1 | . 1 . . Full Trace Events 1 | . 1 . . Feedback Events . | . . . . Feedback Blocked . | . . . . Robot Schematics Acquired . | . . . . Robots Built . | . . . . Authchips . | . . . . Time . | . . . . Total Robot Build Rating . | . . . . Part Schematics Acquired . | . . . . Parts Built . | . . . . Authchips . | . . . . Time . | . . . . Total Part Build Rating . | . . . . Parts Repaired . | . . . . Time . | . . . . Parts Recycled . | . . . . Recycled Matter . | . . . . Retrieved Matter . | . . . . Retrieved Components . | . . . . Parts Scanalyzed . | . . . . Part Schematics Acquired . | . . . . Parts Damaged . | . . . . Bothacking | -11 -10 -10 -10 ------------ Run | Yrd Mat Min Exi Used RIF Installer . | . . . . Robots Hacked . | . . . . Non-combat . | . . . . Combat . | . . . . Robot Hacks Applied . | . . . . Relay Couplers Released . | . . . . Fabnet Peak Effective % . | . . . . Robots Rewired . | . . . . Allies Hacked . | . . . . Hacks Repelled . | . . . . Allies | -11 -10 -10 -10 -------- Run | Yrd Mat Min Exi Total Allies . | . . . . Largest Group . | . . . . Highest-Rated Group . | . . . . Highest-Rated Ally . | . . . . Total Orders . | . . . . Ally Attacks . | . . . . Total Damage . | . . . . Kills . | . . . . Allies Corrupted . | . . . . Allies Melted . | . . . . Intel | -11 -10 -10 -10 ------- Run | Yrd Mat Min Exi Robot Analysis Total . | . . . . Derelict Logs Recovered 1 | . . 1 . Drone Launches . | . . . . Drone Recoveries . | . . . . Exploration | -11 -10 -10 -10 ------------- Run | Yrd Mat Min Exi Turns Passed 1566 | 96 648 383 439 Spaces Moved 857 | 45 306 238 268 Core 4 | . 3 . 1 Treads 853 | 45 303 238 267 Legs . | . . . . Wheels . | . . . . Hover . | . . . . Flight . | . . . . Fastest Speed 150 | 160 150 160 160 Average Speed 161 | 160 160 160 163 Slowest Speed 450 | 160 200 160 450 Overloaded Moves . | . . . . Propulsion Burnouts . | . . . . Robots Hopped . | . . . . Cave-ins Triggered . | . . . . Exploration Rate (%) 41 | 3 43 58 60 Regions Visited 3 Branch Regions 2 Pre-discovered Areas . | . . . . Known Exits Taken . | . . . . Unknown Exits Taken 3 | 1 1 1 . Scrap Searched 1 | . . 1 . Spaces Dug . | . . . . Terrain Destroyed . | . . . . Melee . | . . . . Projectile . | . . . . AOE . | . . . . Terrain Rammed . | . . . . Walls Destroyed . | . . . . Machines Disabled . | . . . . Actions | -11 -10 -10 -10 --------- Run | Yrd Mat Min Exi Total 964 | 55 396 241 272 Wait 18 | . 18 . . Move 854 | 44 305 237 268 Hop . | . . . . Pick Up 14 | 1 10 2 1 Fast Attach 6 | 1 5 . . Attach 2 | . 2 . . Detach . | . . . . Swap 9 | 2 6 . 1 Drop 15 | . 11 2 2 Fire 45 | 7 38 . . Melee . | . . . . Ram . | . . . . Kick . | . . . . Crush 1 | . 1 . . Escape Stasis . | . . . . Rewire . | . . . . Trap . | . . . . Miscellaneous . | . . . . Route ------- -11/Scrapyard -10/Materials (discovered 3 exits: *Mat x2 / [*Min]) -10/Mines (discovered 3 exits: *Mat x2 / *Exi) -10/Exiles History --------- Turn | Location | Event 10 | -11/Scrapyard | Discovered new exit (range 3) 97 | -11/Scrapyard | Entered Materials 259 | -10/Materials | Discovered new exit (range 7) 302 | -10/Materials | Build established: Mutant 344 | -10/Materials | Discovered new exit (range 8) 495 | -10/Materials | Discovered new exit (range 15) 745 | -10/Materials | Entered Mines 752 | -10/Mines | Received a Rocket Launcher from a helpful Derelict 912 | -10/Mines | Discovered new exit (range 10) 964 | -10/Mines | Identified exit to Materials 1121 | -10/Mines | Deemed a non-threat by the Exiles lab entrance 1121 | -10/Mines | Discovered new exit (range 5) 1128 | -10/Mines | Entered Exiles 1170 | -10/Exiles | Met 8R-AWN 1196 | -10/Exiles | Met EX-HEX 1269 | -10/Exiles | Met EX-BIN 1288 | -10/Exiles | Aligned with FarCom system 1290 | -10/Exiles | Given EX-Vault access code 1327 | -10/Exiles | Opened EX-Vault 1369 | -10/Exiles | Warned to stay clear of 0b10 Research branches 1393 | -10/Exiles | Exiles lab attacked by MAIN.C 1545 | -10/Exiles | Core integrity fell below 50% 1559 | -10/Exiles | Core integrity fell below 20% 1567 | -10/Exiles | Destroyed by H-55 Commando with Gauss Rifle Last Messages --------------- 01430_ EX-DEC: "Just gonna leave this little present behind for fun..." 01430_ EX-DEC deploys DAS Turret. 01440_ EX-BIN: "Not cool, MAIN.C, I don't even have my SDF Cannon ready..." 01443_ 8R-AWN: "We've got company!" 01447_ 8R-AWN: "I'll cover you all, get out of here!" 01486_ Acquired Lrg. Storage Unit. 01539_ Machine disabled. 01542_ Seismic Detector destroyed. 01547_ P-60 Hacker suffers critical hit (Blast). 01548_ Imp. Treads destroyed. 01549_ G-34 Mercenary destroyed. 01554_ P-60 Hacker resets P-60 Hacker, system corruption cleaned. 01555_ G-34 Mercenary destroyed. 01557_ Lgt. Ion Engine destroyed. 01557_ P-60 Hacker destroyed. 01559_ Penetrated by Slug. 01563_ Imp. Treads destroyed. 01563_ P-60 Hacker destroyed. 01565_ Hvy. Assault Rifle destroyed. Map ----- +----------------------------------------------------+ | ????????????????????????????????????#" ## | | ????????????????????????????????????#""""""?# | | ????????????????????????????????????##"###??# | | ????????????????????????????????????????????# | | ????????????????????????????????????????????# | | ???????????????????????????????????????????## | | ???????????#######?????????????????????????#" | | ####???????#!!! "#?????????????????????????#" | | #""#??????# "#?????????????????????????#" | | ??????# "#?????????????????????????#" | | #????## ""#????????????##???????????#" | | #####" ""#???????????? """????????#" | | ##" ""#????????????" """#???????## | | #"" #??????????????" ?????????# | | # #?????????????"" ?????????#" | | ??## ##????????????"" "#????????#" | | ???### "#???????????? ""?????????#" | | #####" ###???????????" "?????????##" | | """"" ##??????????# #????????##"" | | "###"" ######???### ###?######"" | | "#?##" """#####X# #"###""""""" | | ##??#" """""" " "" | | """"""###???#"# " """ " | | #######?????#### | | ???????????????### | | ?????????????????### @ g g % | | ???????????????????## [p*% % | | ????????????????????## =%%%% | | ?????????????????????##" l ! = | | ??????????????????????#""" """" | | ?????????????????????##" ######""" | | ?????????????????????#"" ""##????#### | | ?????????????????????#""" """##????????? | | ????????????????????#""" !"""##?????????? | | ????????????????????#"""t %%""#??????????? | | ????????????????????#"" ##??????????? | | ?????????????????????""" % % ??????????? | | ?????????????????????"" ?????????? | | ?????????????????????#"" ?????????? | | ?????????????????????#"""" ???????? | | ??????????????????????# ????????? | | ??????????????????????#" ?????????? | | ???????????????????????"""" ????????????? | | ???????????????????????"" ??????????????? | | ?????????????????????????? ????????????????? | | ??????????????????????????? ???????????????????? | | ?????????????????????????????????????????????????? | | ?????????????????????????????????????????????????? | | ?????????????????????????????????????????????????? | | ?????????????????????????????????????????????????? | +----------------------------------------------------+ Best States ------------- Heat Dissipation 25 Energy Generation 10 Energy Capacity 125 Matter Stores 300 Matter Capacity 300 Sight Range 16 Terrain Scan Density 10 Evasion (%) 40 Recoil Reduction 2 Item Schematics ----------------- None Robot Schematics ------------------ None Fabricated ------------ Nothing Alien Tech Used ----------------- None Achievements -------------- None Challenges ------------ None Game ------ Seed MomentumScatterThermoblaster Manual? 0 Play Time 00:12:53 Cumulative 43.1 hours Start 2024.04.07 @ 17:02:34 End 2024.04.07 @ 17:13:03 Sessions 1 Manual Loads 0 Difficulty Rogue Special Mode None Game No. 47 Rogue 47 Adventurer 0 Explorer 0 Win Type - Total 0 Types 0/0/0/0/0/0/0/0/0 Lore% 20 Gallery% 37 Achievement% 32 Wizard Run 0 Options --------- Layout 0 ASCII 0 Keyboard 0 Movement Mouse Keybinds 0 Fullscreen 2 Font 24/Smallcaps Map View 76x50 Zoom Use 0% Tactical HUD 1 Map Filters NONE Filters NONE Steam 1 RUN: e6a70d4b-5226-4c0a-8085-2b66c09a6d1d